 Dungeon Crawl Stone Soup version 0.18.1-50-g88ac8fd (webtiles) character file.

128 lorenzova the Conjurer (level 4, -2/24 HPs)
             Began as a Deep Elf Conjurer on Oct 25, 2016.
             Slain by an ogre
             ... wielding a +0 giant spiked club
              (17 damage)
             ... on level 4 of the Dungeon.
             The game lasted 00:06:19 (3334 turns).

lorenzova the Conjurer (Deep Elf Conjurer)          Turns: 3334, Time: 00:06:20

Health: -2/24      AC:  2    Str:  5    XL:     4   Next: 86%
Magic:  13/13      EV:  8    Int: 21    God:
Gold:   149        SH:  0    Dex: 15    Spells: 3 memorised, 6 levels left

rFire  . . .     SeeInvis .     r - +0 short sword
rCold  . . .     Gourm    .     a - +0 robe
rNeg   . . .     Faith    .     (no shield)
rPois  .         Spirit   .     (no helmet)
rElec  .         Dismiss  .     (no cloak)
rCorr  .         Reflect  .     (no gloves)
SustAt .         Harm     .     (no boots)
MR     .....                    (no amulet)
Stlth  ++........               (no ring)
                                (no ring)

@: not resistant to hostile enchantments, unstealthy
A: no striking features
a: no special abilities


You were on level 4 of the Dungeon.
You were hungry.

You visited 1 branch of the dungeon, and saw 4 of its levels.

You collected 149 gold pieces.

Inventory:

Hand Weapons
 r - a +0 short sword (weapon)
Armour
 a - a +0 robe (worn)
 j - a +0 buckler
Wands
 n - a wand of digging (17/24)
Scrolls
 e - 2 scrolls of remove curse
 h - 2 scrolls of identify {unknown}
 i - a scroll of fear {unknown}
 m - a scroll of blinking {unknown}
 o - 2 scrolls of teleportation {unknown}
 p - a scroll of immolation {unknown}
 q - a scroll of amnesia {unknown}
Potions
 d - a potion of magic {unknown}
 g - a potion of heal wounds {unknown}
 k - 2 potions of might {unknown}
 l - a potion of cure mutation {unknown}
 s - a potion of brilliance {unknown}
Books
 b - a book of Conjurations

   Spells                             Type                      Level
   a - Magic Dart                     Conjuration                  1
   b - Searing Ray                    Conjuration                  2
   c - Dazzling Spray                 Conjuration/Hexes            3
   d - Fulminant Prism                Conjuration/Hexes            4
   e - Iskenderun's Mystic Blast      Conjuration                  4
   f - Iskenderun's Battlesphere      Conjuration/Charms           5
Comestibles
 c - 5 bread rations
 f - 2 beef jerkies


   Skills:
 - Level 2.4 Dodging
 - Level 2.4 Stealth
 + Level 5.4 Spellcasting
 + Level 5.7 Conjurations


You had 6 spell levels left.
You knew the following spells:

 Your Spells              Type           Power        Failure   Level  Hunger
a - Magic Dart            Conj           ####         1%          1    None
b - Iskenderun's Mystic   Conj           ####....     12%         4    ####...
c - Searing Ray           Conj           ####..       1%          2    None


Dungeon Overview and Level Annotations

Branches:
Dungeon (4/15)
 Temple: D:4-7

Altars:
Dithmenos
Ru

Annotations:
D:3 petervk's ghost, novice HuFi


Message History

Your magical contamination has completely faded away.
You start resting.
Magic restored.
You start resting.
You are feeling hungry.
You start resting.
HP restored.
There is a stone staircase leading down here.
You climb downwards.
Level annotation: petervk's ghost, novice HuFi
There is a stone staircase leading up, spattered with blood here.
(D) Dungeon
Where to? (Enter - D:2 @ (x,y), ? - help)
There is a stone staircase leading down here.
You climb downwards.
The ogre hits you with a giant spiked club!
There is a stone staircase leading up, spattered with blood here.
The ogre hits you with a giant spiked club!
Ouch! That really hurt!
You die...

.# # .# #.
.# .###.#
....#
..####...#
......#O.#
#.@.#
#.o.#
#...#
#.%(#
..o)....)#
..o###..##
# #..#
#..# #..#


You could see an ogre and an orc.

Vanquished Creatures
  A jelly (D:3)
  2 adders
  3 worms
  A dart slug (D:1)
  5 giant geckos
  4 orcs
  2 giant cockroaches (D:2)
  11 hobgoblins
  2 jackals (D:2)
  9 bats
  3 giant newts
  4 goblins
  8 kobolds
  5 rats
60 creatures vanquished.

Notes
Turn   | Place    | Note
--------------------------------------------------------------
     0 | D:1      | lorenzova the Deep Elf Conjurer began the quest for the Orb.
     0 | D:1      | Reached XP level 1. HP: 10/10 MP: 6/6
   166 | D:1      | Reached XP level 2. HP: 15/15 MP: 2/8
   935 | D:2      | Reached skill level 5 in Conjurations
  1056 | D:2      | Reached XP level 3. HP: 19/19 MP: 8/10
  1829 | D:3      | Found a sacrificial altar of Ru.
  1843 | D:3      | Noticed petervk's ghost (novice HuFi)
  2232 | D:3      | Reached XP level 4. HP: 24/24 MP: 6/12
  2238 | D:3      | Learned a level 4 spell: Iskenderun's Mystic Blast
  2431 | D:3      | Learned a level 2 spell: Searing Ray
  2519 | D:3      | Found a shadowy altar of Dithmenos.
  2793 | D:3      | Reached skill level 5 in Spellcasting
  2968 | D:4      | Noticed an ogre
  3334 | D:4      | Slain by an ogre

Skill      XL: |  1  2  3  4 |
---------------+-------------+-----
Conjurations   | 5 |  5.7
Spellcasting   | 4 5 |  5.4
Dodging        | |  2.4
Stealth        | |  2.4

Action                   |  1- 3 |  4- 6 || total
-------------------------+-------+-------++-------
Melee: Unarmed           |     1 |       ||     1
 Cast: Magic Dart        |    97 |    35 ||   132
       Iskenderun's Myst |       |     4 ||     4
  Use: Scroll            |     1 |       ||     1
  Eat: Chunk             |     2 |       ||     2
       Meat ration       |     1 |       ||     1
Armor: Robe              |     2 |     3 ||     5
Dodge: Dodged            |     4 |    15 ||    19
